 Dungeon Crawl Stone Soup version 0.18.1-48-g4cf74bf (webtiles) character file.

24 djnw the Caller (level 2, 5/19 HPs)
             Began as a Mummy Summoner on Aug 22, 2016.
             Quit the game on level 1 of the Dungeon.
             The game lasted 00:06:00 (933 turns).

djnw the Caller (Mummy Summoner)                     Turns: 933, Time: 00:06:01

Health: 5/19       AC:  2    Str: 11    XL:     2   Next: 79%
Magic:  0/5        EV: 12    Int: 14    God:
Gold:   32         SH:  0    Dex: 12    Spells: 2 memorised, 2 levels left

rFire  x . .     SeeInvis .     e - +0 dagger
rCold  + . .     Gourm    .     a - +0 robe
rNeg   + + +     Faith    .     (no shield)
rPois  ∞         Spirit   .     (no helmet)
rElec  .         Dismiss  .     (no cloak)
rCorr  .         Reflect  .     (no gloves)
SustAt .         Harm     .     (no boots)
MR     .....                    (no amulet)
Stlth  ++........               (no ring)
                                (no ring)

@: not resistant to hostile enchantments, unstealthy
A: no food or potions, fire vulnerability, cold resistance 1, negative energy
resistance 3, torment resistance, unbreathing
a: no special abilities


You were on level 1 of the Dungeon.
You were not hungry.

You visited 1 branch of the dungeon, and saw 1 of its levels.

You collected 32 gold pieces.

Inventory:

Hand Weapons
 e - a +0 dagger (weapon)
Armour
 a - a +0 robe (worn)
Scrolls
 c - a scroll of identify {unknown}
 d - a scroll of amnesia {unknown}
Books
 b - a book of Callings

   Spells                             Type                      Level
   a - Summon Small Mammal            Summoning                    1
   b - Call Imp                       Summoning                    2
   c - Call Canine Familiar           Summoning                    3
   d - Summon Guardian Golem          Hexes/Summoning              3
   e - Summon Lightning Spire         Summoning/Air                4
   f - Summon Ice Beast               Ice/Summoning                4


   Skills:
 - Level 1.5 Dodging
 - Level 1.5 Stealth
 + Level 2.3 Spellcasting
 + Level 3.8 Summonings


You had 2 spell levels left.
You knew the following spells:

 Your Spells              Type           Power        Failure   Level  Hunger
a - Summon Small Mammal   Summ           ##..         6%          1    N/A
b - Call Imp              Summ           ##......     10%         2    N/A

Dungeon Overview and Level Annotations

Branches:
Dungeon (1/15)

Altars:


Innate Abilities, Weirdness & Mutations

You do not eat or drink.
Your flesh is vulnerable to fire.
You are immune to poison.
Your flesh is cold resistant.
You are immune to negative energy.
You are immune to unholy pain and torment.
You can survive without breathing.


Message History

You see here 23 arrows.
The jackal bites you.
Casting: Summon Small Mammal
Confirm with . or Enter, or press ? or * to list all spells.
The jackal barely misses you.
You miss the jackal.
The jackal is heavily wounded.
The jackal bites you but does no damage.
The jackal closely misses you.
You barely miss the jackal.
The jackal is heavily wounded.
The jackal closely misses you. The jackal bites you.
* * * LOW HITPOINT WARNING * * *
The jackal bites you but does no damage.
The jackal closely misses you.
You hit the jackal.
The jackal is almost dead.
The jackal barely misses you.
The jackal bites you but does no damage.
Are you sure you want to abandon this character and quit the game? (Confirm with "yes".)

.....#####)#####.###.#
#...#
####.................#
#...#
†..######...###.###.##
#...# ##†#
##.###..#.##..######...#
#†# ##.##
##.#....h.........###
#.###.##
##...#####..####...
#.....# #..h#####§h.....#
#####.##
##.#h##..h.......# ##.##
##.##@##.§......###
##.###..##bh...........#
.
##...#######.####..#..#.#
##### #....#..#....#
####.##.#.....[.#
........>.......#
####....).†.....#
#..#.#.......#
#......#.......#


You could see 3 jackals and a friendly bat.

Vanquished Creatures
  A dart slug (D:1)
  2 goblins (D:1)
  A hobgoblin (D:1)
  A kobold (D:1)
  A giant newt (D:1)
  7 rats (D:1)
13 creatures vanquished.

Vanquished Creatures (collateral kills)
  A bat (D:1)
  7 jackals (D:1)
  A kobold (D:1)
  6 rats (D:1)
15 creatures vanquished.

Grand Total: 28 creatures vanquished

Notes
Turn   | Place    | Note
--------------------------------------------------------------
     0 | D:1      | djnw the Mummy Summoner began the quest for the Orb.
     0 | D:1      | Reached XP level 1. HP: 13/13 MP: 3/3
   319 | D:1      | Reached XP level 2. HP: 15/19 MP: 3/5
   324 | D:1      | Learned a level 2 spell: Call Imp
   933 | D:1      | Quit the game

Action                   || total
-------------------------++-------
Melee: Dagger            ||    55
       Unarmed           ||     3
 Cast: Summon Small Mamm ||    19
       Call Imp          ||     6
 Stab: Sleeping          ||     3
Armor: Robe              ||    21
Dodge: Dodged            ||    67
